 Dungeon Crawl Stone Soup version 0.24.0-41-g2ae2f7f1be (webtiles) character file.

Game seed: 18137443292061767848, levelgen mode: deterministic

54 Bombadil the Caller (level 3, 0/24 HPs)
             Began as a Vampire Summoner on Dec 15, 2019.
             Slain by a killer bee (2 damage)
             ... on level 3 of the Dungeon.
             The game lasted 00:05:43 (1254 turns).

Bombadil the Caller (Vampire Summoner)              Turns: 1254, Time: 00:05:43

Health: 0/24       AC:  4    Str:  7    XL:     3   Next: 66%
Magic:  3/7        EV: 13    Int: 18    God:
Gold:   47         SH:  0    Dex: 14    Spells: 2/7 levels left

rFire    . . .     SeeInvis +   m - -2 falchion (curse)
rCold    . . .     Gourm    .   (no shield)
rNeg     . . .     Faith    .   a - +0 robe
rPois    .         Spirit   .   (no helmet)
rElec    .         Reflect  .   (no cloak)
rCorr    .         Harm     .   (no gloves)
MR       .....                  l - +1 pair of boots
Stlth    ++........             (no amulet)
HPRegen  0.28/turn              (no ring)
MPRegen  0.10/turn              (no ring)

@: lethally poisoned (0 -> -3), flying, very slightly contaminated, regenerating
quickly
A: no food, fangs 3, see invisible, unbreathing
a: Exsanguinate


You were on level 3 of the Dungeon.
You were alive.

You visited 1 branch of the dungeon, and saw 3 of its levels.

You collected 47 gold pieces.

Inventory:

Hand Weapons
 m - a cursed -2 falchion (weapon)
Armour
 a - a +0 robe (worn)
 l - a +1 pair of boots (worn)
Scrolls
 b - 2 scrolls of identify
 f - 2 scrolls of enchant armour
Potions
 c - a potion of mutation {unknown}
 d - a potion of cancellation {unknown}
 k - a potion of curing {unknown}


   Skills:
 + Level 2.6 Dodging
 + Level 3.1 Stealth
 + Level 2.8 Spellcasting
 + Level 4.6 Summonings


You had 2 spell levels left.
You knew the following spells:

 Your Spells              Type           Power        Failure   Level  Hunger
b - Call Imp              Summ           ###.....     3%          2    N/A
c - Call Canine Familiar  Summ           ###.....     8%          3    N/A

Your spell library contained the following spells:

 Spells                   Type           Power        Failure   Level  Hunger
 Summon Small Mammal      Summ           ###.         2%          1    N/A
 Summon Guardian Golem    Hex/Summ       ##......     19%         3    N/A
 Summon Ice Beast         Ice/Summ       ##......     54%         4    N/A
 Summon Lightning Spire   Summ/Air       ##......     54%         4    N/A

Dungeon Overview and Level Annotations

Branches:
Dungeon (3/15)

Altars:

Annotations:
D:2 Robin


Innate Abilities, Weirdness & Mutations

You do not eat.
Your natural rate of healing is unusually fast.
You have razor-sharp teeth.
You have supernaturally acute eyesight. (SInv)
You can survive without breathing.


Message History

You riposte.
You miss the killer bee.
The killer bee is lightly wounded.
The teleport trap disappears.
The killer bee disappears!
The killer bee reappears nearby!
The killer bee closely misses you.
You riposte.
You miss the killer bee.
The killer bee is lightly wounded.
The killer bee stings you.
* * * LOW HITPOINT WARNING * * *
The killer bee buzzes angrily.
The killer bee stings you.
* * * LOW HITPOINT WARNING * * *
You are lethally poisoned!
The killer bee poisons you! The killer bee misses you.
Okay, then.
It was a potion of flight.
You feel very buoyant.
You fly up into the air.
* * * LOW HITPOINT WARNING * * *
You feel sick. The killer bee stings you.
You die...

.....#
#.................,#......
.....#
#.................?#......
.....#
*#........#.........<..y..
.....#
##...†....#...............
.>...#
#.................K#...###
.....#
#...........y........###
.....#
#.................,###
#..#.###%......y.........,*
##.#.#.........y@........,*
.)(.....#..%.....#.#.####**
* ...).)...#..........##
*** .......#.######..#.##
*** ****,, .......#..#
######****,* *,,,,,
.......##.# ******,,**,*
*,,,,, ..#######.#
**,*,**,,,*,****,,,, ..#
#.# **,,,,***,*,**,**,,,,
..# #§# *,,,,,*
****,*,**,,*,


You could see 3 killer bees.

Vanquished Creatures (collateral kills)
  Jessica (D:2)
  2 adders
  An ooze (D:1)
  2 dart slugs (D:1)
  2 bats
  2 giant cockroaches (D:1)
  15 goblins
  2 hobgoblins (D:1)
  2 quokkas
  A frilled lizard (D:2)
  9 kobolds
  4 rats
43 creatures vanquished.

Notes
Turn   | Place    | Note
-------+----------+-------------------------------------------
     0 | D:1      | Bombadil the Vampire Summoner began the quest for the Orb.
     0 | D:1      | Reached XP level 1. HP: 13/13 MP: 3/3
   259 | D:1      | Reached XP level 2. HP: 19/19 MP: 1/5
   263 | D:1      | Learned a level 2 spell: Call Imp
   775 | D:2      | Noticed Robin
   867 | D:2      | Noticed Jessica
   953 | D:2      | Killed Jessica
   953 | D:2      | Reached XP level 3. HP: 23/24 MP: 4/7
   969 | D:3      | Noticed a killer bee
   969 | D:3      | Noticed a killer bee
  1011 | D:2      | Learned a level 3 spell: Call Canine Familiar
  1223 | D:3      | Noticed a killer bee
  1248 | D:3      | HP: 1/24 [killer bee (7)]
  1254 | D:3      | Slain by a killer bee

Levels and vault maps discovered:
D:1:      zaba_arrival_water, layout_basic
D:2:      layout_basic, kennysheep_big_empty_room, uniq_robin, uniq_jessica
D:3:      layout_rooms, first_ration, goddamned_bats

Action                   || total
-------------------------++-------
Melee: Unarmed           ||     3
 Cast: Summon Small Mamm ||    18
       Call Imp          ||    19
       Call Canine Famil ||     5
  Use: Scroll            ||     5
       Potion            ||     3
 Stab: Sleeping          ||     1
Armor: Robe              ||    11
Dodge: Dodged            ||    57
       Rpst.: Falchion   ||     9
